 Dungeon Crawl Stone Soup version 0.30.0-18-gc0e69614cb (webtiles) character file.

Game seed: 1066517179800093444

253040 EarthwalkerPL the Executioner (level 18, -4/178 HPs)
             Began as a Minotaur Fighter on May 24, 2023.
             Was the Champion of Okawaru.
             Splashed by an acid blob's acid (8 damage)
             ... on level 3 of the Pits of Slime on May 25, 2023.
             The game lasted 01:32:57 (36117 turns).

EarthwalkerPL the Executioner (Minotaur Fighter)   Turns: 36117, Time: 01:32:57

Health: -4/178     AC:  2    Str: 34    XL:     18   Next: 98%
Magic:  24/24      EV: 16    Int:  5    God:    Okawaru [******]
Gold:   2629       SH: 19    Dex: 11    Spells: 17/17 levels left

rFire   . . .        n - +5 broad axe (flame)
rCold   + . .        K - +2 tower shield {reflect}
rNeg    + . .        Q - +4 plate armour {rPois}
rPois   +            U - +0 hat "Emuu" {rC+ Will+ Str+5 Dex-2}
rElec   +            o - scarf "Forget-Me-Not" {repulsion, Drain rElec Will+++}
rCorr   .            W - +0 pair of gloves of Narcissism {Dex+5}
SInv    .            P - +1 pair of boots {rampage}
Will    +++++        r - amulet of the Four Winds {rN+ Will+++ Clar} Stlth
                     J - ring of flight
HPRegen 0.49/turn    N - +5 ring of evasion
MPRegen 0.19/turn

%: repel missiles, reflection, clarity, rampage
@: corroded, flying, studying Stealth
A: horns 2, retaliatory headbutt, clumsy 1, deformed body, sense surroundings 1,
screaming 1, MP-powered wands
}: 2/15 runes: decaying, serpentine
a: Renounce Religion, Heroism, Finesse, Duel


You were on level 3 of the Pits of Slime.
You worshipped Okawaru.
Okawaru was exalted by your worship.
You visited 8 branches of the dungeon, and saw 36 of its levels.
You also visited: Ossuary, Gauntlet and Ice Cave.

You collected 3028 gold pieces.
You spent 399 gold pieces at shops.

Inventory:

Hand Weapons
 g - a +4 vampiric broad axe
 n - a +5 broad axe of flaming (weapon)
Missiles
 f - 42 poisoned darts
 m - 23 javelins (quivered)
 w - 17 boomerangs
 z - a silver boomerang
 G - 2 silver javelins
 Z - 12 curare-tipped darts
Armour
 c - the +0 buckler of Intuition {Str+4}
   (Okawaru gifted it to you on level 5 of the Lair of Beasts)

   Str:       It affects your strength (+4).
 o - the scarf "Forget-Me-Not" (worn) {repulsion, Drain rElec Will+++}
   (Okawaru gifted it to you on level 2 of the Swamp)

   rElec:     It insulates you from electricity.
   Drain:     It drains your maximum health when unequipped.
   Will:      It greatly increases your willpower.
 K - a +2 tower shield of reflection (worn)
 P - a +1 pair of boots of rampaging (worn)
 Q - a +4 plate armour of poison resistance (worn)
 U - the +0 hat "Emuu" (worn) {rC+ Will+ Str+5 Dex-2}
   (Okawaru gifted it to you on level 4 of the Swamp)

   Str:       It affects your strength (+5).
   Dex:       It affects your dexterity (-2).
   rC:        It protects you from cold.
   Will:      It increases your willpower.
 W - the +0 pair of gloves of Narcissism (worn) {Dex+5}
   (You found it on level 11 of the Dungeon)

   Dex:       It affects your dexterity (+5).
Jewellery
 b - a ring of fire
 h - the ring of Suspicion {rElec rPois rC++ MP-9 Str-5 Int+3}
   (You found it on level 3 of the Snake Pit)

   [ring of poison resistance]

   Str:       It affects your strength (-5).
   Int:       It affects your intelligence (+3).
   rC:        It greatly protects you from cold.
   rElec:     It insulates you from electricity.
   rPois:     It protects you from poison.
   MP:        It affects your magic capacity (-9).
 l - a ring of fire
 r - the amulet of the Four Winds (around neck) {rN+ Will+++ Clar}
   (You found it in a Gauntlet)

   [amulet of nothing]

   rN:        It protects you from negative energy.
   Clar:      It protects you from confusion, rage, mesmerisation and fear.
   Will:      It greatly increases your willpower.
 J - a ring of flight (left hand)
 M - an amulet of the acrobat
 N - a +5 ring of evasion (right hand)
 X - an amulet of reflection
Wands
 a - a wand of polymorph (5)
 e - a wand of light (26)
 D - a wand of digging (10)
 T - a wand of flame (62)
 V - a wand of iceblast (30)
 Y - a wand of mindburst (24)
Scrolls
 i - 6 scrolls of fog
 k - 9 scrolls of enchant armour
 p - 11 scrolls of noise
 q - 15 scrolls of teleportation
 v - 3 scrolls of brand weapon
 x - 2 scrolls of silence
 y - 5 scrolls of amnesia
 A - 5 scrolls of poison
 F - 2 scrolls of magic mapping
 O - 2 scrolls of blinking
Potions
 d - 5 potions of might
 j - 9 potions of flight
 s - 7 potions of haste
 t - 6 potions of resistance
 u - 16 potions of curing
 B - 7 potions of attraction
 C - 3 potions of invisibility
 E - 6 potions of mutation
 H - 5 potions of berserk rage
 I - 5 potions of ambrosia
 L - 7 potions of brilliance
 R - 6 potions of degeneration
 S - 3 potions of lignification


   Skills:
 * Level 19.6 Fighting
 * Level 21.3 Axes
 + Level 9.7 Throwing
 * Level 19.4 Armour
 + Level 10.4 Dodging
 + Level 14.4 Shields
 + Level 9.5 Invocations


You had 17 spell levels left.
You didn't know any spells.
Your spell library contained the following spells:

 Spells                   Type           Power      Damage    Failure   Level
 Apportation              Tloc           0%         N/A       98%         1
 Freeze                   Ice            0%         1d3       98%         1
 Necrotise                Necr           0%         1d4       98%         1
 Blink                    Tloc           0%         N/A       99%         2
 Lesser Beckoning         Tloc           0%         N/A       99%         2
 Momentum Strike          Conj/Tloc      0%         3d8       99%         2
 Poisonous Vapours        Pois/Air       0%         N/A       99%         2
 Dazzling Flash           Conj/Hex       0%         N/A       100%        3
 Frozen Ramparts          Ice            0%         1d1       100%        3
 Gell's Gravitas          Tloc           0%         N/A       100%        3
 Hailstorm                Conj/Ice       0%         3d3       100%        3
 Mephitic Cloud           Conj/Pois/Air  0%         N/A       100%        3
 Portal Projectile        Hex/Tloc       0%         N/A       100%        3
 Teleport Other           Tloc           0%         N/A       100%        3
 Volatile Blastmotes      Fire/Tloc      0%         2d10      100%        3
 Iskenderun's Mystic Bla  Conj/Tloc      0%         2d3       100%        4
 Leda's Liquefaction      Hex/Erth       0%         N/A       100%        4
 Petrify                  Tmut/Erth      0%         N/A       100%        4
 Blade Hands              Tmut           0%         N/A       100%        5
 Freezing Cloud           Conj/Ice/Air   0%         6-21      100%        5
 Irradiate                Conj/Tmut      0%         3d11      100%        5
 Iskenderun's Battlesphe  Conj           0%         2d6       100%        5
 Metabolic Englaciation   Hex/Ice        0%         N/A       100%        5
 Eringya's Noxious Bog    Tmut/Pois      0%         N/A       100%        6
 Iron Shot                Conj/Erth      0%         9d1       100%        6
 Starburst                Conj/Fire      0%         6d3       100%        6
 Statue Form              Tmut/Erth      0%         N/A       100%        6
 Dragon Form              Tmut           0%         N/A       100%        7
 Summon Small Mammal      Summ           Unusable   N/A       N/A         1
 Call Canine Familiar     Summ           Unusable   N/A       N/A         3
 Summon Forest            Summ/Tloc      Unusable   N/A       N/A         5
 Spellforged Servitor     Conj/Summ      Unusable   N/A       N/A         7
 Summon Hydra             Summ           Unusable   N/A       N/A         7

Dungeon Overview and Level Annotations

Branches:
Dungeon (15/15)            Temple (1/1) D:5            Lair (5/5) D:10
  Swamp (4/4) Lair:3        Snake (4/4) Lair:2        Slime (4/5) Lair:4
    Orc (2/2) D:12            Elf (0/3) Orc:2        Vaults (0/5) D:13
 Depths (1/4) D:15        Ossuary (visited)           IceCv (visited)
Gauntlet (visited)

Altars:
Ashenzari
Cheibriados
Dithmenos
Elyvilon
Fedhas
Gozag
Hepliaklqana
Kikubaaqudgha
Makhleb
Nemelex Xobeh
Okawaru
Qazlal
Ru
Sif Muna
Trog
Uskayaw
Vehumet
Wu Jian
Xom
Yredelemnul
Zin
The Shining One
Jiyva
Lugonu

Shops:
D:5 [*[(:   D:7 *   Orc:1 [[([   Orc:2 ?[(*   Snake:1 *   Snake:3 =:=

Portals:
Abyss: Lair:5


Innate Abilities, Weirdness & Mutations

You have a pair of horns on your head.
You reflexively headbutt those who attack you in melee.
You are clumsy. (Dex -2)
Armour fits poorly on your strangely shaped body.
You passively map a small area around you.
You occasionally shout uncontrollably at your foes.
You expend magic power (3 MP) to strengthen your wands.


Message History

You barely miss the slime creature. You slice the slime creature!!
You burn the slime creature! You slice the slime creature!!
You burn the slime creature. You slash the acid blob! You burn the acid blob!
Your hands burn!
The rockslime hits you!!!
* * * LOW HITPOINT WARNING * * *
You are shoved backwards!
Acid dripping from the walls corrodes you.
Two slime creatures merge to form a very large slime creature.
Okay, then.
Blink to where?
Press: ? - help, Dir - move target
As you read the scroll of blinking, it crumbles to dust.
You fly upwards.
The acid blob quivers.
The shining eye turns its gaze towards you.
The shining eye gazes at you.
Strange energies course through your body.
Your body twists and deforms.
There is a stone staircase leading down here.
Throw: 25 javelins
Press: ? - help, Q - select action, (/) - cycle Shift-Dir - straight line, f - acid blob
Aim: an acid blob (89% to hit)
You throw a javelin.
The javelin pierces through the acid blob!!
The acid blob is lightly wounded.
The acid blob spits acid at you.
The splash of acid is repelled.
Throw: 24 javelins
Press: ? - help, Q - select action, (/) - cycle Shift-Dir - straight line, f/p - acid blob
Aim: an acid blob (lightly wounded, 89% to hit)
You throw a javelin.
The javelin pierces through the acid blob but does no damage.
The acid blob is lightly wounded.
You are too injured to fight recklessly!
You rampage towards the acid blob!
You barely miss the acid blob.
The acid blob is lightly wounded.
The acid blob hits you!!
* * * LOW HITPOINT WARNING * * *
The acid corrodes you!
You are splashed with acid!
You die...

#### ####
##...##..##
#.........#
..........###
............##
,.......>.....#
........@...##
#........J..#
.............#
..#..........(#
.#.....G......#
*
##..#.#.##..(.#
###..... ...##
##.#.# ...# * ,


You could see an acid blob and a shining eye.

Vanquished Creatures
  Nikola (Swamp:1)
  Mlioglotl (Lair:3)
  A lich (Depths:1)
  4 acid blobs
  Gastronok (D:8)
  The ghost of Regoshi the Acrobat, an adept TeGl of Zin (Snake:3)
  2 fenstrider witches
  3 azure jellies
  5 nagarajas
  Aizul (Snake:2)
  An orc warlord (Orc:2)
  A cacodemon (D:10)
  3 quicksilver oozes
  2 very ugly things (IceCv)
  6 eleionomae
  Nessos (D:13)
  Azrael (Snake:3)
  A minotaur (Gauntlet)
  4 bunyips
  Snorg (D:13)
  3 shambling mangroves
  8 vault guards
  2 rakshasas (D:15)
  2 salamander tyrants (Snake:4)
  A caustic shrike simulacrum (IceCv)
  2 catoblepae
  17 hydras
  7 anacondas
  The ghost of paps the Summoner, a journeyman OpSu of Gozag (D:10)
  21 naga warriors
  Erica (D:7)
  4 centaur warriors
  3 ghost crabs
  9 death yaks
  A two-headed ogre (D:9)
  2 boulder beetles
  7 alligators
  3 thrashing horrors (Lair:5)
  3 spriggan berserkers
  An orc high priest (Orc:2)
  11 naga sharpshooters
  A vampire mage (Swamp:3)
  Nergalle (Lair:3)
  7 shock serpents
  Sonja (Lair:2)
  A skyshark (Lair:3)
  9 salamander mystics
  13 skeletal warriors
  11 swamp dragons
  Lodul (D:13)
  A goliath frog (Swamp:4)
  2 sixfirhies
  7 naga ritualists
  2 spriggan druids (Swamp:4)
  4 lindwurms
  42 slime creatures
  A glowing orange brain (D:15)
  An orange crystal statue (IceCv)
  A bog body (Swamp:4)
  2 deep elf pyromancers
  A deep elf zephyrmancer (D:15)
  2 oklob plants (Lair:5)
  12 ugly things
  3 manticores
  8 orc sorcerers
  3 orc knights
  6 mana vipers
  8 salamanders
  5 will-o-the-wisps
  19 elephants
  A shining eye (Slime:2)
  2 moths of wrath (Snake:3)
  5 cyclopes
  5 gargoyles
  Joseph (D:8)
  33 black mambas
  2 guardian serpents (Snake:3)
  2 ice statues (D:13)
  A cane toad (shapeshifter) (D:15)
  A torpor snail (Lair:5)
  12 naga magi
  2 eyes of devastation
  12 cane toads
  A kobold demonologist (D:9)
  2 smoke demons (Lair:5)
  3 rime drakes
  3 unseen horrors
  Maggie (D:8)
  3 ancient zymes (Lair:5)
  10 komodo dragons
  4 freezing wraiths
  An anaconda simulacrum (IceCv)
  2 tengu conjurers (D:14)
  7 trolls
  A wolf spider simulacrum (Gauntlet)
  Prince Ribbit (Lair:2)
  23 hornets
  3 meliai (D:15)
  35 blink frogs
  8 tyrant leeches
  5 dream sheep (Lair:5)
  A slime creature (shapeshifter) (D:15)
  18 spriggans
  A ynoxinul (Lair:5)
  2 centaur simulacra (Gauntlet)
  5 wraiths
  A dire elephant simulacrum (IceCv)
  A vampire (D:9)
  4 wyverns
  5 fire elementals (Snake:3)
  5 shadows
  10 basilisks
  A steam dragon (Lair:1)
  A hog (shapeshifter) (D:10)
  A human (shapeshifter) (D:10)
  42 yaks
  6 vampire mosquitoes
  2 neqoxecs (D:10)
  3 chaos spawn (Lair:5)
  2 hydra simulacra
  5 wargs (Orc:2)
  A harpy simulacrum (IceCv)
  14 swamp worms
  38 nagas
  3 hell hounds (Snake:3)
  9 water moccasins
  4 swamp drakes (Swamp:4)
  2 black bears
  24 orc warriors
  A sky beast (D:8)
  An alligator simulacrum (IceCv)
  An ettin simulacrum (IceCv)
  21 centaurs
  15 ogres
  A wolf (Lair:1)
  4 elf zombies (Ossuary)
  2 kobold brigands
  5 bullfrogs
  3 gnoll sergeants
  A scorpion (D:6)
  3 wights (D:10)
  11 small abominations (Lair:5)
  A lindwurm simulacrum (IceCv)
  6 killer bees (D:10)
  6 howler monkeys
  3 electric eels
  8 centaur zombies (Ossuary)
  6 hounds
  12 orc priests
  2 gnoll boudas
  6 jellies
  3 iguanas
  Crazy Yiuf (D:4)
  Natasha (thrice) (D:4)
  A sleepcap (D:7)
  27 orc wizards
  7 hell rats (Lair:4)
  3 mummies (Ossuary)
  A gnoll (shapeshifter) (D:10)
  17 gnolls
  5 adders
  2 white imps
  7 ufetubi
  A worm (D:5)
  3 dart slugs
  78 orcs
  3 ball pythons
  7 endoplasms
  9 giant cockroaches
  8 goblins
  8 hobgoblins
  A jackal (D:1)
  12 kobolds
  A quokka (D:5)
  4 bats
  4 frilled lizards
  6 rats
1069 creatures vanquished.

Vanquished Creatures (others)
  2 salamander tyrants (Snake:4)
  3 spriggans
  A goliath frog (Swamp:1)
  A swamp dragon (Swamp:4)
  A wizard (D:10)
  A salamander (Snake:4)
  A bloated husk (Swamp:1)
  3 hornets
  19 foxfires
  2 starspawn tentacles (Lair:3)
34 creatures vanquished.

Grand Total: 1103 creatures vanquished

Notes
Turn   | Place    | Note
-------+----------+-------------------------------------------
     0 | D:1      | EarthwalkerPL the Minotaur Fighter began the quest for the
                  | Orb.
     0 | D:1      | Reached XP level 1. HP: 19/19 MP: 0/0
    56 | D:1      | You fall into a shaft and drop 1 floor!
    56 | D:2      | Found a snail-covered altar of Cheibriados.
   137 | D:2      | Reached XP level 2. HP: 27/27 MP: 1/1
   539 | D:1      | Reached skill level 3 in Axes
   816 | D:2      | Reached XP level 3. HP: 25/33 MP: 2/2
  1342 | D:3      | Found a basalt altar of Yredelemnul.
  1653 | D:3      | Noticed an ogre
  1665 | D:3      | Killed an ogre
  1666 | D:3      | Reached XP level 4. HP: 17/41 MP: 3/3
  1666 | D:3      | Reached XP level 5. HP: 20/47 MP: 4/4
  1831 | D:3      | Found a burning altar of Makhleb.
  2053 | D:3      | Found a glowing golden altar of the Shining One.
  2287 | D:4      | Reached skill level 4 in Axes
  2328 | D:4      | Found an opulent altar of Gozag.
  2328 | D:4      | Found a glowing silver altar of Zin.
  2521 | D:4      | Reached skill level 5 in Fighting
  2521 | D:4      | Reached skill level 5 in Armour
  2586 | D:4      | Noticed Natasha
  2591 | D:4      | Killed Natasha
  2592 | D:4      | Reached XP level 6. HP: 48/56 MP: 5/5
  2793 | D:4      | Noticed Natasha
  2800 | D:4      | Killed Natasha
  2823 | D:4      | Noticed Natasha
  2827 | D:4      | Killed Natasha
  2839 | D:4      | Found a runed translucent door.
  2840 | D:4      | Noticed Crazy Yiuf
  3183 | D:4      | Killed Crazy Yiuf
  3392 | D:5      | Entered Level 5 of the Dungeon
  3463 | D:5      | Found a sand-covered staircase.
  3466 | D:5      | Found Suokkei's Hydra Hut.
  3475 | Ossuary  | Entered an ossuary
  3532 | Ossuary  | Reached skill level 5 in Axes
  3549 | Ossuary  | Reached skill level 5 in Shields
  3549 | Ossuary  | Reached XP level 7. HP: 52/63 MP: 6/6
  3622 | Ossuary  | Reached skill level 6 in Axes
  3688 | D:5      | Noticed a seven-headed hydra
  3694 | D:5      | Bought a +2 broad axe of flaming for 192 gold pieces
  3744 | D:5      | Found a staircase to the Ecumenical Temple.
  3753 | D:5      | Reached XP level 8. HP: 73/73 MP: 7/7
  3755 | Temple   | Entered the Ecumenical Temple
  4005 | Temple   | Became a worshipper of Warmaster Okawaru
  4070 | D:5      | Found Sudit's Antique Armour Shoppe.
  4280 | D:5      | Found Niunag's Assorted Antiques.
  4348 | D:5      | Found Siogad's Antique Armour Emporium.
  4357 | D:5      | Found a snail-covered altar of Cheibriados.
  4409 | D:5      | Found Yroiraz's Book Shop.
  4987 | D:6      | Reached skill level 7 in Axes
  5301 | D:6      | Reached * piety under Okawaru
  6090 | D:7      | Found Asum's CLEARANCE SALE!.
  6097 | D:7      | Bought a potion of heal wounds for 20 gold pieces
  6164 | D:7      | Found a shimmering blue altar of Sif Muna.
  6242 | D:7      | Found an ornate altar of the Wu Jian Council.
  6341 | D:7      | Reached XP level 9. HP: 71/82 MP: 8/8
  6409 | D:7      | Reached skill level 8 in Axes
  6647 | D:8      | Noticed Joseph
  6656 | D:8      | Killed Joseph
  6656 | D:8      | Reached ** piety under Okawaru
  6837 | D:8      | Noticed Maggie
  6846 | D:8      | Killed Maggie
  6847 | D:8      | Reached skill level 9 in Axes
  6987 | D:8      | Killed an unseen horror
  7101 | D:8      | Reached *** piety under Okawaru
  7101 | D:8      | Noticed Erica
  7102 | D:8      | Noticed Gastronok
  7258 | D:7      | Killed Erica
  7259 | D:7      | Reached skill level 10 in Fighting
  7259 | D:7      | Reached skill level 10 in Armour
  7259 | D:7      | Reached XP level 10. HP: 65/93 MP: 9/9
  7457 | D:8      | Reached **** piety under Okawaru
  7508 | D:8      | Found a runed translucent door.
  7508 | D:8      | Noticed a sixfirhy
  8190 | D:9      | Reached skill level 10 in Axes
  8446 | D:9      | Noticed a two-headed ogre
  8449 | D:9      | Reached ***** piety under Okawaru
  8455 | D:9      | Killed a two-headed ogre
  8456 | D:9      | Reached skill level 11 in Axes
  9184 | D:10     | Entered Level 10 of the Dungeon
  9290 | D:10     | Found a runed translucent gate.
  9290 | D:10     | Found a runed translucent gate.
  9293 | D:10     | Noticed a green ugly thing
  9293 | D:10     | Noticed a purple ugly thing
  9293 | D:10     | Noticed an elephant
  9294 | D:10     | Found a runed translucent gate.
  9294 | D:10     | Noticed a red ugly thing
  9295 | D:10     | Noticed a cyan ugly thing
  9296 | D:10     | Noticed a cyan ugly thing
  9296 | D:10     | an elephant changed into a steelbarb worm
  9296 | D:10     | Noticed a steelbarb worm (glowing shapeshifter)
  9302 | D:10     | a steelbarb worm changed into a torpor snail
  9302 | D:10     | Noticed a torpor snail (glowing shapeshifter)
  9303 | D:10     | a torpor snail changed into an anaconda
  9303 | D:10     | Noticed an anaconda (glowing shapeshifter)
  9306 | D:10     | an anaconda changed into a glowing shapeshifter
  9306 | D:10     | Noticed a glowing shapeshifter (glowing shapeshifter)
  9408 | D:10     | Noticed a manticore
  9418 | D:10     | Killed a manticore
  9419 | D:10     | Reached XP level 11. HP: 69/102 MP: 10/10
  9637 | D:10     | Found a bloodstained altar of Trog.
  9639 | D:10     | Noticed a wizard
  9644 | D:10     | Killed a wizard
  9897 | D:10     | Found a staircase to the Lair.
 10225 | D:11     | Reached ****** piety under Okawaru
 10643 | D:11     | Identified the +0 pair of gloves of Narcissism {Dex+5}
 10698 | D:11     | Reached skill level 12 in Axes
 10790 | D:11     | Reached skill level 15 in Axes
 10790 | D:11     | Reached XP level 12. HP: 106/113 MP: 11/11
 11167 | D:11     | Received a gift from Okawaru
 11270 | D:12     | Reached skill level 1 in Throwing
 11288 | D:12     | Reached skill level 1 in Dodging
 11302 | D:12     | Reached skill level 1 in Invocations
 11501 | D:12     | Found a staircase to the Orcish Mines.
 11762 | Lair:1   | Entered Level 1 of the Lair of Beasts
 11873 | Lair:1   | Identified the +0 short sword of Triumph {heavy, rF+}
 12054 | Lair:1   | Noticed a boulder beetle
 12060 | Lair:1   | Killed a boulder beetle
 12384 | Lair:1   | Reached XP level 13. HP: 105/119 MP: 13/13
 12389 | Lair:1   | Identified the +9 rapier of Luq Dafe {freeze, rElec rC+
                  | Int+3}
 12586 | Lair:1   | Identified the +1 robe of Twilight {Str+4} (Okawaru gifted
                  | it to you on level 1 of the Lair of Beasts)
 12586 | Lair:1   | Received a gift from Okawaru
 12705 | Lair:1   | Found a radiant altar of Vehumet.
 12887 | Lair:1   | Reached skill level 16 in Axes
 12893 | Lair:1   | Reached skill level 10 in Shields
 13071 | Lair:2   | Noticed Sonja
 13349 | Lair:2   | Found a staircase to the Snake Pit.
 13626 | Lair:2   | Killed Sonja
 14187 | Lair:2   | Noticed Prince Ribbit
 14195 | Lair:2   | Killed Prince Ribbit
 15253 | Lair:3   | Found a staircase to the Swamp.
 15257 | Lair:3   | Found a gate leading to a gauntlet.
 15283 | Gauntlet | Entered a Gauntlet
 15283 | Gauntlet | Found a transporter.
 15283 | Gauntlet | Found a transporter.
 15287 | Gauntlet | Found a transporter.
 15287 | Gauntlet | Found a transporter.
 15311 | Gauntlet | Found a transporter.
 15321 | Gauntlet | Found a transporter.
 15321 | Gauntlet | Found a transporter.
 15322 | Gauntlet | Found the amulet of the Four Winds {rN+ Will+++ Clar}
 15345 | Gauntlet | Found a transporter.
 15352 | Gauntlet | Found a transporter.
 15366 | Gauntlet | Found a transporter.
 15388 | Gauntlet | Found a transporter.
 15412 | Gauntlet | Found a transporter.
 15421 | Gauntlet | Found a transporter.
 15439 | Gauntlet | Found a transporter.
 15538 | Gauntlet | Found a transporter.
 15554 | Gauntlet | Found a transporter.
 15770 | Gauntlet | Received a gift from Okawaru
 15986 | Gauntlet | Noticed a minotaur
 15990 | Gauntlet | Killed a minotaur
 16038 | Gauntlet | Identified the +1 scale mail "Xodainn" {rC+ SInv Stlth+}
 16157 | Lair:3   | Reached XP level 14. HP: 132/132 MP: 16/16
 16710 | Lair:4   | Received a gift from Okawaru
 17255 | Lair:4   | Reached skill level 17 in Axes
 17260 | Lair:4   | Reached skill level 5 in Dodging
 17299 | Lair:4   | Found a viscous altar of Jiyva.
 17299 | Lair:4   | Found a staircase to the Slime Pits.
 17800 | Lair:5   | Entered Level 5 of the Lair of Beasts
 17920 | Lair:5   | Identified the +0 buckler of Intuition {Str+4} (Okawaru
                  | gifted it to you on level 5 of the Lair of Beasts)
 17920 | Lair:5   | Received a gift from Okawaru
 18016 | Lair:5   | Reached skill level 5 in Throwing
 18019 | Lair:5   | Reached skill level 5 in Invocations
 18205 | Lair:5   | Reached skill level 15 in Fighting
 18255 | Lair:5   | Reached skill level 15 in Armour
 18414 | Lair:5   | Found the +1 robe of Vines {NoPotionHeal Regen++++}
 19004 | Lair:5   | Found a corrupted altar of Lugonu.
 19004 | Lair:5   | Found a one-way gate to the infinite horrors of the Abyss.
 19604 | Lair:5   | Reached XP level 15. HP: 133/141 MP: 18/18
 19731 | Lair:5   | Identified the +0 chain mail of the Little Devil {Str+3
                  | Slay+2} (Okawaru gifted it to you on level 5 of the Lair of
                  | Beasts)
 19731 | Lair:5   | Received a gift from Okawaru
 19811 | Lair:3   | Noticed Nergalle
 19815 | Lair:3   | Killed Nergalle
 19978 | Orc:1    | Entered Level 1 of the Orcish Mines
 19978 | Orc:1    | Found Hepifase's Weapon Emporium.
 19978 | Orc:1    | Found Seukk's Antique Armour Boutique.
 20180 | Orc:2    | Entered Level 2 of the Orcish Mines
 20445 | Orc:2    | Found a staircase to the Elven Halls.
 20503 | Orc:2    | Found Lafups's Magic Scroll Shop.
 20681 | Orc:2    | Found Voahog's General Store.
 20828 | Orc:2    | Reached skill level 18 in Axes
 20977 | Orc:2    | Found Juclep Ilei's Antique Armour Shoppe.
 20979 | Orc:2    | Found Juakerig's Antique Weapon Emporium.
 21222 | Orc:1    | Found Hucowk's Antique Armour Shoppe.
 21269 | Orc:1    | Found Sirolowk's Antique Armour Shoppe.
 21277 | Orc:1    | Bought a pair of embroidered boots for 187 gold pieces
 21637 | D:13     | Found a gate to the Vaults.
 21859 | D:13     | Noticed Nessos
 21876 | D:13     | Killed Nessos
 22118 | D:13     | Noticed Snorg
 22125 | D:13     | Killed Snorg
 22151 | D:13     | Noticed Lodul
 22164 | D:13     | Killed Lodul
 22164 | D:13     | Received a gift from Okawaru
 22853 | D:14     | Received a gift from Okawaru
 22915 | D:14     | Found a frozen archway.
 22915 | D:14     | Noticed an azure jelly
 22922 | D:14     | Killed an azure jelly
 22933 | IceCv    | Entered an ice cave
 22948 | IceCv    | Received a gift from Okawaru
 23070 | IceCv    | Found a transporter.
 23078 | IceCv    | Found a transporter.
 23106 | IceCv    | Identified the +0 leather armour of the Endless Expanse
                  | {Rampage Str+6}
 23298 | D:14     | Received a gift from Okawaru
 23987 | D:15     | Entered Level 15 of the Dungeon
 24107 | D:15     | Reached XP level 16. HP: 152/152 MP: 20/20
 24705 | D:15     | Identified the +0 scale mail of Miushar {rC++ rCorr Int-2
                  | Slay+3} (Okawaru gifted it to you on level 15 of the
                  | Dungeon)
 24705 | D:15     | Received a gift from Okawaru
 25009 | D:15     | Reached skill level 19 in Axes
 25009 | D:15     | Found a staircase to the Depths.
 25034 | Depths:1 | Entered Level 1 of the Depths
 25071 | Depths:1 | Noticed a lich
 25079 | Depths:1 | Noticed a lich
 25083 | Depths:1 | Killed a lich
 25624 | D:8      | Killed Gastronok
 25799 | D:10     | Found a runed translucent gate.
 25799 | D:10     | Found a runed translucent gate.
 25802 | D:10     | Found a runed translucent gate.
 25803 | D:10     | Noticed paps's ghost (journeyman OpSu)
 25820 | D:10     | Gained mutation: You are weak. (Str -2) [a cacodemon]
 25831 | D:10     | Killed paps's ghost
 26172 | Swamp:1  | Entered Level 1 of the Swamp
 26219 | Swamp:1  | Noticed Mlioglotl
 26231 | Swamp:1  | Noticed a profane servitor
 26232 | Swamp:1  | Noticed a tentacled starspawn
 26248 | Lair:3   | Noticed a tentacled starspawn
 26249 | Lair:3   | Noticed a hellephant
 26251 | Lair:3   | Noticed a tentacled starspawn
 26253 | Lair:3   | Killed Mlioglotl
 26324 | Swamp:1  | Noticed Nikola
 26347 | Swamp:1  | Killed Nikola
 26439 | Swamp:1  | Received a gift from Okawaru
 26877 | Swamp:2  | Identified the scarf "Forget-Me-Not" {repulsion, Drain
                  | rElec Will+++} (Okawaru gifted it to you on level 2 of the
                  | Swamp)
 26877 | Swamp:2  | Received a gift from Okawaru
 26936 | Swamp:2  | Identified the staff of air "Hajeu" {rElec rPois Str+3}
 27050 | Swamp:2  | Identified the +0 scale mail "Yhebokh" {SInv}
 27492 | Swamp:2  | Lost mutation: You are weak. (Str -2) [potion of mutation]
 27492 | Swamp:2  | Gained mutation: You are dopey. (Int -2) [potion of
                  | mutation]
 27492 | Swamp:2  | Gained mutation: You have a somewhat thin skeletal
                  | structure. (Dex +2, Stealth+) [potion of mutation]
 27493 | Swamp:2  | Lost mutation: You are dopey. (Int -2) [potion of mutation]
 27493 | Swamp:2  | Lost mutation: You have a somewhat thin skeletal structure.
                  | (Dex +2, Stealth+) [potion of mutation]
 27493 | Swamp:2  | Gained mutation: You have a pair of large horns on your
                  | head. [potion of mutation]
 27493 | Swamp:2  | Gained mutation: You expend magic power (3 MP) to
                  | strengthen your wands. [potion of mutation]
 27493 | Swamp:2  | Gained mutation: Your body sometimes deteriorates upon
                  | taking damage. [potion of mutation]
 27494 | Swamp:2  | Lost mutation: You have a pair of large horns on your head.
                  | [potion of mutation]
 27494 | Swamp:2  | Lost mutation: Your body sometimes deteriorates upon taking
                  | damage. [potion of mutation]
 27494 | Swamp:2  | Gained mutation: You passively map a small area around you.
                  | [potion of mutation]
 27804 | Swamp:3  | Reached XP level 17. HP: 153/163 MP: 21/21
 28380 | Swamp:4  | Entered Level 4 of the Swamp
 28854 | Swamp:4  | Identified the +0 hat "Emuu" {rC+ Will+ Str+5 Dex-2}
                  | (Okawaru gifted it to you on level 4 of the Swamp)
 28854 | Swamp:4  | Received a gift from Okawaru
 28917 | Swamp:4  | Reached skill level 20 in Axes
 29133 | Swamp:4  | Got a decaying rune of Zot
 29357 | Swamp:4  | HP: 3/165 [alligator[a spriggan druid] (29)]
 29823 | Snake:1  | Entered Level 1 of the Snake Pit
 29830 | Snake:1  | Found a glowing golden altar of the Shining One.
 29970 | Snake:1  | Found Qoucach's Gadget Gallery.
 30740 | Snake:2  | Identified the +0 shadow dragon scales of Ubuemez {rF+
                  | Int-5 Dex+3 Slay+2 Stlth++++} (Okawaru gifted it to you on
                  | level 2 of the Snake Pit)
 30740 | Snake:2  | Received a gift from Okawaru
 31498 | Snake:3  | Noticed Aizul
 31621 | Snake:2  | Killed Aizul
 31759 | Snake:3  | Noticed Azrael
 31787 | Snake:3  | Killed Azrael
 31793 | Snake:3  | Reached XP level 18. HP: 107/173 MP: 23/23
 31969 | Snake:3  | Found Lecs's Jewellery Shoppe.
 31970 | Snake:3  | Found Ytuluwic's Book Boutique.
 31971 | Snake:3  | Found Hogufaru's Jewellery Shoppe.
 32089 | Snake:3  | Found a transporter.
 32195 | Snake:3  | Found a transporter.
 32200 | Snake:3  | Noticed Regoshi's ghost (adept TeGl)
 32834 | Snake:4  | Entered Level 4 of the Snake Pit
 33415 | Snake:4  | Received a gift from Okawaru
 33603 | Snake:4  | Received a gift from Okawaru
 33738 | Snake:4  | Reached skill level 10 in Dodging
 33855 | Snake:4  | Reached skill level 21 in Axes
 34065 | Snake:4  | Received a gift from Okawaru
 34117 | Snake:4  | Identified the +1 robe "Acuqel" {rN+ Int+2}
 34234 | Snake:4  | Got a serpentine rune of Zot
 34504 | Snake:3  | Identified the ring of Suspicion {rElec rPois rC++ MP-9
                  | Str-5 Int+3}
 34531 | Snake:3  | Killed Regoshi's ghost
 34531 | Snake:3  | Identified the +0 pair of boots "Xicvib" {Int+2} (Okawaru
                  | gifted it to you on level 3 of the Snake Pit)
 34531 | Snake:3  | Received a gift from Okawaru
 34996 | Slime:1  | Entered Level 1 of the Pits of Slime
 35253 | Slime:2  | Gained mutation: You occasionally shout uncontrollably at
                  | your foes. [a shining eye]
 35254 | Slime:2  | Gained mutation: You are clumsy. (Dex -2) [a shining eye]
 36114 | Slime:3  | Gained mutation: Armour fits poorly on your strangely
                  | shaped body. [a shining eye]
 36117 | Slime:3  | HP: 4/178 [acid blob (31)]
 36117 | Slime:3  | Splashed by an acid blob's acid

Illustrated notes

Levels and vault maps discovered:
D:1:      minmay_arrival_five_plusses, layout_basic, minmay_octomino_c4
D:2:      layout_basic, basic_altar
D:3:      minmay_recursive_quarters, layout_loops_cross, bloody_makhleb,
          lemuel_round_altar, overflow_temple_1_default,
          nicolae_figureground_sparkle
D:4:      minmay_door_path, layout_basic, grunt_temple_overflow_gold_and_silver,
          uniq_natasha, uniq_crazy_yiuf_cottage
D:5:      layout_basic, slow_altar_2, temple_statues, enter_ossuary_1,
          serial_shops, shop, shop, nicolae_inconvenience_store, shop,
          doesnt_shop_hydraphobe
D:6:      layout_basic
D:7:      layout_basic, nicolae_sif_muna_condensation,
          mainiacjoe_overflow_six_doors_small, nrook_mini_backslash,
          nicolae_shop_clearance
D:8:      cheibrodos_shockbox, layout_loops_ring, uniq_erica, uniq_maggie,
          uniq_gastronok, uniq_joseph
D:9:      layout_basic, st_stairs_3, chequers_mini_garden, minivault_23
D:10:     layout_roguey, trog_wizard, lair_entry_dummy,
          ploomutoo_gammafunk_ghost_potion_laboratory,
          minmay_stone_trees_medium, kennysheep_windowed_goal
D:11:     layout_gridville, nicolae_straight_to_the_point
D:12:     layout_cave_pools, orc_0_dummy
D:13:     layout_rooms, erik_vaults_2, minmay_more_statues, uniq_snorg,
          uniq_nessos, uniq_lodul
D:14:     layout_grid_maze, portal_ice_cave_entry_frozen_things,
          hangedman_decor_points
D:15:     gammafunk_enter_depths_forms, layout_basic, nicolae_benzene_ring,
          billiards_dpeg
Temple:   oiseaux_autumnal_temple
Lair:1:   layout_chaotic_city, basic_altar, pdpol_lair_cavern_descent,
          serial_bayou_shore_b
Lair:2:   layout_small_grid, guppyfry_snake_entry_island,
          nicolae_lair_grove_arrangements, chequers_serial_rivers_small_b,
          chequers_serial_rivers_micro_b, uniq_prince_ribbit2, uniq_sonja
Lair:3:   layout_long_grid, swamp_mist, gauntlet_entry_generic,
          grunt_megastairs_2, infiniplex_staircase_pool_2, lemuel_fruit_fields,
          uniq_nergalle
Lair:4:   layout_regular_city, nicolae_slime_entry_field_trip,
          serial_bayou_shore_a, serial_bayou_shore_b
Lair:5:   hellmonk_lair_end_abyssal_woods, layout_cave_pods,
          hellmonk_guarded_unrand_vines, infiniplex_staircase_pool
Swamp:1:  layout_basic_swamp, nicolae_swamp_rocky_clearing, uniq_nikola,
          uniq_mlioglotl
Swamp:2:  layout_basic_swamp, evilmike_swamp_ruin_house_6,
          nicolae_swamp_dense_foliage
Swamp:3:  layout_basic_swamp, nicolae_swamp_feature_on_the_river_bank,
          cheibrodos_swamp_pet_leeches
Swamp:4:  swamp_alternative, layout_basic_swamp
Snake:1:  layout_basic, basic_altar, nicolae_shop_gadgets
Snake:2:  layout_chambers
Snake:3:  layout_layer_cave, gammafunk_ghost_berserking_beasts,
          minmay_shop_grove, uniq_azrael, uniq_aizul
Snake:4:  snake_pit, layout_layer_cave
Slime:1:  layout_caves
Slime:2:  layout_caves
Slime:3:  layout_caves
Slime:4:  layout_caves
Orc:1:    layout_caves, serial_shops, shop, shop, shop, shop,
          lemuel_statue_altar
Orc:2:    grunt_orc_community_town_hall, layout_caves,
          grunt_orc_community_big_house_2, grunt_orc_community_big_house_1,
          grunt_orc_community_house_3, grunt_orc_community_house_3,
          grunt_orc_community_house_1, grunt_orc_community_house_2
Depths:1: layout_roguey, gammafunk_ghost_ooze, grunt_metal_band,
          minmay_pinched_square, kennysheep_random_hallway,
          serial_bayou_shore_b, serial_bayou_shore_b

Skill      XL: |  1  2  3  4  5  6  7  8  9 10 11 12 13 14 15 16 17 18 |
---------------+-------------------------------------------------------+-----
Fighting       | 4 5 6 7 8 10 11 12 14 15 16 17 18 19 | 19.6
Armour         | 4 5 6 8 10 11 12 14 15 16 17 18 19 | 19.4
Axes           | 3 4 5 6 7 9 11 15 16 17 18 19 20 21 | 21.3
Shields        | 4 5 6 7 8 9 10 11 12 13 14 | 14.4
Throwing       | 2 4 5 6 7 8 9 |  9.7
Dodging        | 2 4 6 7 8 9 10 | 10.4
Invocations    | 2 4 5 6 7 8 9 |  9.5

Action                     |  1- 3 |  4- 6 |  7- 9 | 10-12 | 13-15 | 16-18 || total
---------------------------+-------+-------+-------+-------+-------+-------++-------
  Melee: War axe           |    94 |   110 |    61 |       |       |       ||   265
         Headbutt          |    13 |    20 |    45 |    44 |   216 |   383 ||   721
         Broad axe         |       |       |   140 |   221 |   877 |  1422 ||  2660
  Throw: Dart              |     1 |     8 |    11 |    19 |    14 |     2 ||    55
         Javelin           |       |       |       |       |       |    18 ||    18
         Boomerang         |       |       |       |       |       |     4 ||     4
 Invoke: Heroism           |       |       |       |       |     2 |       ||     2
  Evoke: Wand              |       |       |       |       |       |     3 ||     3
    Use: Scroll            |       |     9 |     5 |     6 |    11 |    10 ||    41
         Potion            |       |       |       |     1 |       |    11 ||    12
   Stab: Confused          |       |       |       |       |       |     3 ||     3
 Armour: Scale mail        |    54 |    50 |   121 |    75 |    27 |       ||   327
         Plate armour      |       |       |       |       |   192 |   465 ||   657
  Dodge: Dodged            |    44 |    44 |   130 |   155 |   397 |   656 ||  1426
         Repelled          |       |       |       |       |       |    33 ||    33
  Block: Buckler           |    21 |    22 |    46 |    43 |   386 |   526 ||  1044
         Reflection        |       |       |       |       |    20 |    76 ||    96
         Tower shield      |       |       |       |       |       |   263 ||   263
